 Dungeon Crawl Stone Soup version 0.28.0-43-g3370ac3207 (webtiles) character file.

Game seed: 1836013609214144459

93 boopmooplesden the Covered (level 4, -1/40 HPs)
             Began as a Minotaur Fighter on Mar 10, 2022.
             Slain by an orc priest
             ... wielding a +0 flail
              (7 damage)
             ... on level 2 of the Dungeon.
             The game lasted 00:01:07 (1251 turns).

boopmooplesden the Covered (Minotaur Fighter)       Turns: 1251, Time: 00:01:08

Health: -1/40      AC:  7    Str: 23    XL:     4   Next: 37%
Magic:  3/3        EV:  9    Int:  5    God:
Gold:   54         SH:  4    Dex:  9    Spells: 3/3 levels left

rFire   . . .      SeeInvis .   a - +0 long sword
rCold   . . .      Faith    .   c - +0 buckler
rNeg    . . .      Spirit   .   b - +0 scale mail
rPois   .          Reflect  .   (helmet restricted)
rElec   .          Harm     .   (no cloak)
rCorr   .          Rampage  .   (no gloves)
Will    .....                   (no boots)
Stlth   ..........              (no amulet)
HPRegen 0.13/turn               (no ring)
MPRegen 0.08/turn               (no ring)

@: mighty
A: horns 2, retaliatory headbutt
a: no special abilities


You were on level 2 of the Dungeon.
You visited 1 branch of the dungeon, and saw 2 of its levels.

You collected 54 gold pieces.

Inventory:

Hand Weapons
 a - a +0 long sword (weapon)
Armour
 b - a +0 scale mail (worn)
 c - a +0 buckler (worn)
Jewellery
 f - a ring of wizardry
Scrolls
 e - a scroll of vulnerability {unknown}
 i - a scroll of teleportation {unknown}
Potions
 d - a potion of might
 g - a potion of attraction {unknown}
 h - 2 potions of curing {unknown}


   Skills:
 + Level 4.2 Fighting
 + Level 3.6 Long Blades
 + Level 4.4 Armour
 + Level 0.6 Dodging
 + Level 0.2 Stealth
 + Level 4.3 Shields


You had 3 spell levels left.
You didn't know any spells.
Your spell library was empty.

Dungeon Overview and Level Annotations

Branches:
Dungeon (2/15)

Altars:


Innate Abilities, Weirdness & Mutations

You have a pair of horns on your head.
You reflexively headbutt those who attack you in melee.


Message History

The orc priest is moderately wounded.
The orc priest barely misses you. You furiously retaliate!
You headbutt the orc priest!
You kill the orc priest!
You block something's attack. Something hits you.
You see here a +0 whip.
You slice something!!
Reactivating autopickup.
You feel a bit more experienced.
You have reached level 4!
You feel stronger.
You enter the shallow water.
Moving in this stuff is going to be slow.
The orc priest miscasts a cantrip.
You barely miss the orc. You block the orc's attack.
The orc priest looks satisfied for a moment.
Unknown command.
You slash the orc!
You kill the orc!
The orc hits you with a +0 club.
You slash the orc!
You kill the orc!
The orc hits you but does no damage.
The orc priest calls down the wrath of Beogh upon you.
Beogh smites you!
* * * LOW HITPOINT WARNING * * *
You slash the orc!
You kill the orc!
The orc wizard barely misses you.
You hit the orc wizard.
The orc wizard is heavily wounded.
The orc wizard mumbles some strange words.
The orc wizard flickers and vanishes!
Deactivating autopickup; reactivate with Ctrl-A.
Something hits you.
* * * LOW HITPOINT WARNING * * *
You barely miss the orc priest.
The orc priest hits you with a +0 flail!
You die...

#.#.###..##.# #.## #.#.#.###.
#.#......##.####..###.#.#.###
#.######.##.#................
#.#......#..........#.#.#.###
###.#.#########....<..#.#.#.#
.....[###.........)...#.#.# #
###...##..#########)..#.#..
#...##.###...o......#.#
###...##.##..≈.{@≈....#.#
......##.#$....)......#.#
####..#..#⌠...........#
......#..#..............#
.........##..≈...≈..#..$#
#####..#.###........#.....
...†...#..#########.#.#.##
######.##... .# .# #.# ####


You could see an orc priest.

Vanquished Creatures
  An orc priest (D:2)
  An orc wizard (D:2)
  An adder (D:2)
  3 orcs (D:2)
  3 ball pythons
  2 endoplasms (D:1)
  5 giant cockroaches (D:1)
  2 goblins (D:1)
  2 quokkas (D:1)
  2 bats (D:1)
  2 frilled lizards
  4 kobolds (D:1)
28 creatures vanquished.

Notes
Turn   | Place    | Note
-------+----------+-------------------------------------------
     0 | D:1      | boopmooplesden the Minotaur Fighter began the quest for the
                  | Orb.
     0 | D:1      | Reached XP level 1. HP: 19/19 MP: 0/0
   125 | D:1      | Reached XP level 2. HP: 25/27 MP: 1/1
  1205 | D:2      | Reached XP level 3. HP: 32/33 MP: 2/2
  1243 | D:2      | Reached XP level 4. HP: 23/40 MP: 3/3
  1251 | D:2      | Slain by an orc priest

Illustrated notes

Levels and vault maps discovered:
D:1:      evilmike_arrival_hilbert_curve, layout_loops_corners,
          minmay_pentomino_z2
D:2:      cheibrodos_pilgrimage, layout_basic,
          ebering_ecumenical_altar_petrified, uniq_sigmund, uniq_jessica

Skill      XL: |  1  2 |
---------------+-------+-----
Armour         | 4 |  4.4
Shields        | 4 |  4.3
Fighting       | 4 |  4.2
Long Blades    | 3 |  3.6
Dodging        | |  0.6
Stealth        | |  0.2

Action                   |  1- 3 |  4- 6 || total
-------------------------+-------+-------++-------
Melee: Long sword        |    45 |     6 ||    51
       Headbutt          |     6 |       ||     6
  Use: Potion            |     1 |       ||     1
Armor: Scale mail        |    28 |     1 ||    29
Dodge: Dodged            |    20 |     1 ||    21
Block: Buckler           |     7 |     1 ||     8
